Map: Bel'Shir Vestige LE (Void)

Players

PiG

  • Race: Terran Terran
  • League: Grandmaster
  • Spawn Location: 5:00

A.I. 1 (Very Easy) - Winner!

  • Race: Terran Terran
  • Spawn Location: 11:00

VOD

https://www.youtube.com/watch?v=55sYKgAbBu0

Description

Time

  • Played on: April 16, 2017, 4:09 p.m.
  • Length: 7:21
Show
View Real Time Build Order
Export as new Build Order

PiG Terran 

Build Orders: Reaper Expand, Mech 

Get SALT Encoding   

  12  0:00  SCV  
  13  0:13  SCV  
  14  0:17  Supply Depot  
  14  0:25  SCV  
  15  0:29  Refinery  
  15  0:39  SCV  
  16  0:44  Barracks  
  16  0:51  SCV  
  17  1:03  SCV  
  18  1:15  SCV  
  19  1:32  Orbital Command  
  19  1:34  Reaper  
  20  1:43  Command Center  
  20  1:54  Factory  
  20  2:01  SCV  
  20  2:08  Barracks Reactor  
  21  2:13  SCV  
  21  2:15  Supply Depot  
  22  2:21  Refinery  
  22  2:25  SCV  
  23  2:38  SCV  
  24  2:51  Factory, SCV  
  25  2:52  Hellion x2  
  25  2:57  Barracks Tech Lab  
  29  3:01  Orbital Command  
  29  3:03  SCV  
  30  3:15  SCV  
  30  3:17  Hellion  
  33  3:27  SCV x2  
  35  3:39  Hellion x2, SCV x2  
  41  3:45  Siege Tank  
  44  3:50  Supply Depot  
  44  3:53  SCV x2  
  46  4:00  Supply Depot  
  46  4:12  SCV x2  
  46  4:14  Supply Depot  
  50  4:17  Hellion x2  
  50  4:22  Siege Tank  
  56  4:24  SCV x2  
  56  4:31  Command Center  
  57  4:36  SCV  
  58  4:39  Armory  
  58  4:41  Hellion x2  
  58  4:43  SCV  
  63  4:48  Refinery x2  
  63  4:51  SCV  
  64  4:55  SCV  
  64  4:57  Siege Tank  
  68  5:03  SCV  
  69  5:07  Supply Depot, SCV  
  69  5:09  Supply Depot  
  70  5:27  Barracks Tech Lab  
  70  5:28  Factory  
  70  5:29  SCV x2, Siege Tank  
  70  5:31  Factory  
  70  5:35  Factory  
  75  5:37  Supply Depot  
  75  5:41  SCV x2  
  77  5:45  Hellion  
  77  5:48  Orbital Command  
  79  5:58  Barracks Tech Lab  
  79  6:00  Hellion  
  79  6:01  SCV  
  79  6:03  SCV  
  83  6:05  Siege Tank  
  83  6:11  Engineering Bay  
  86  6:21  Factory Reactor  
  86  6:24  Siege Tank  
  86  6:25  Hellion x2  
  93  6:28  SCV  
  93  6:31  Supply Depot  
  94  6:34  Supply Depot, SCV  
  94  6:35  SCV  
  96  6:40  SCV  
  96  6:41  Missile Turret  
  96  6:43  Missile Turret  
  96  6:45  Missile Turret  
  97  6:47  SCV  
  97  6:48  Missile Turret x2  
  97  6:49  Missile Turret  
  97  6:54  Orbital Command  
  98  6:55  SCV  
  98  6:59  SCV  
  98  7:00  Armory  
Show
View Real Time Build Order
Export as new Build Order

A.I. 1 (Very Easy) Terran - Winner!

Build Orders:  

Get SALT Encoding   

  12  0:00  SCV  
  13  0:13  SCV  
  14  0:18  Supply Depot  
  14  0:37  Refinery  
  14  0:43  Barracks  
  14  1:03  Supply Depot  
  14  1:11  Refinery  
  14  1:29  SCV, Marine  
  16  1:41  SCV  
  17  1:53  SCV  
  18  2:03  Marine  
  18  2:05  SCV  
  20  2:17  SCV  
  21  2:29  SCV  
  22  2:36  Marine  
  23  2:42  Orbital Command  
  23  5:53  SCV  
  23  5:54  Marine  
  23  5:56  Supply Depot  
  25  5:58  Factory  
  25  6:02  Command Center  
  25  6:18  SCV  
  26  6:21  Supply Depot  
  26  6:28  Barracks Tech Lab  
  26  6:30  SCV  
  24  6:42  SCV  
  24  6:45  Starport  
  24  6:46  Marine  
  26  6:54  SCV  
Tags
 
Composition
Mech
Matchup
TvT
Player
PiG
Race
Terran
Spawn Locations
Cross Positions
Add a new tag
Caveats
  • Supply blocks, unpowered buildings, or Contaminate may cause inaccurate times.
  • Supply counts are checked every 10 seconds.